 Dungeon Crawl Stone Soup version 0.28-a0-1616-g050a50673c (webtiles) character file.

Game seed: 10441224674239232327

20268 soggyman666 the Thaumaturge (level 13, -26/76 HPs)
             Began as a Djinni Fire Elementalist on Jan 22, 2022.
             Was an Elder of Ashenzari.
             Annihilated by a white ugly thing (51 damage)
             ... on level 11 of the Dungeon.
             The game lasted 01:36:39 (23253 turns).

soggyman666 the Thaumaturge (DjFE)                 Turns: 23253, Time: 01:36:41

Health: -26/76     AC:  8    Str:  7    XL:     13   Next: 11%
Gold:   617        EV: 27    Int: 29    God:    Ashenzari [****..] SH:  0 Dex: 19

rFire   + + .      SeeInvis +   A - +12 whip of Havoc {freeze, MP-9 Dex+6}
rCold   x . .      Faith    .   (no shield)
rNeg    . . .      Spirit   .   a - +1 robe
rPois   ∞          Reflect  .   l - +0 helmet of Ashenzari's Omen {Evo, Self} (curse)
rElec   .          Harm     .   z - +2 cloak "Cursed Ethics" {Cun, Melee} (curse)
rCorr   .          Rampage  .   j - +0 pair of gloves of the Unyielding Gaze {Evo, Range} (curse)
Will    +....      Clarity  +   (boots unavailable)
Stlth   ++++......              u - amulet "Gnosis of the Sky" {Acrobat, Cun, Self} (curse)
HPRegen 0.22/turn               B - ring "Bound Entitlement" {Int+6, Self, Cun} (curse)
MPRegen 0.00/turn               c - ring "Ruined With Me" {EV+4, Fort, Melee} (curse)

@: flying
A: sickness immunity, fire resistance 2, cold vulnerability 1, float, innate
caster, hp casting, extra vitality 1
a: Renounce Religion, Curse Item, Shatter the Chains


You were on level 11 of the Dungeon.
You worshipped Ashenzari.
Ashenzari was greatly pleased with you.
You visited 4 branches of the dungeon, and saw 16 of its levels.
You also visited: Ossuary and Ice Cave.

You collected 725 gold pieces.
You spent 108 gold pieces at shops.

Inventory:

Hand Weapons
 A - the +12 whip of Havoc (weapon) {freeze, MP-9 Dex+6}
   (You found it on level 8 of the Dungeon)

   It freezes those it strikes, dealing additional cold damage.
   It can also slow down cold-blooded creatures.
   Dex:       It affects your dexterity (+6).
   MP:        It affects your magic capacity (-9).
Armour
 a - a +1 robe (worn)
 j - the cursed +0 pair of gloves of the Unyielding Gaze (worn) {Evo, Range}
   (You bought it in a shop on level 7 of the Dungeon)

   It has a curse which improves the following skills: Evocations: Evocations.
   Ranged Combat: Slings, Bows, Crossbows and Throwing.
 l - the cursed +0 helmet of Ashenzari's Omen (worn) {Evo, Self}
   (You bought it in a shop on level 7 of the Dungeon)

   It has a curse which improves the following skills: Evocations: Evocations.
   Introspection: Fighting and Spellcasting.
 z - the cursed +2 cloak "Cursed Ethics" (worn) {Cun, Melee}
   (You found it on level 6 of the Dungeon)

   It has a curse which improves the following skills: Cunning: Dodging and
   Stealth.
   Melee Combat: Short Blades, Long Blades, Axes, Maces & Flails, Polearms,
   Staves and Unarmed Combat.
Magical Staves
 p - a staff of poison
 v - a staff of air
Jewellery
 c - the cursed ring "Ruined With Me" (right hand) {EV+4, Fort, Melee}
   (You found it on level 7 of the Dungeon)

   [ring of evasion]

   EV:        It affects your evasion (+4).
   It has a curse which improves the following skills: Fortitude: Armour and
   Shields.
   Melee Combat: Short Blades, Long Blades, Axes, Maces & Flails, Polearms,
   Staves and Unarmed Combat.
 u - the cursed amulet "Gnosis of the Sky" (around neck) {Acrobat, Cun, Self}
   (You found it on level 5 of the Dungeon)

   [amulet of the acrobat]

   It increases your evasion while moving and waiting.
   It has a curse which improves the following skills: Cunning: Dodging and
   Stealth.
   Introspection: Fighting and Spellcasting.
 B - the cursed ring "Bound Entitlement" (left hand) {Int+6, Self, Cun}
   (You found it on level 7 of the Dungeon)

   [ring of intelligence]

   Int:       It affects your intelligence (+6).
   It has a curse which improves the following skills: Introspection: Fighting
   and Spellcasting.
   Cunning:   Dodging and Stealth.
Wands
 k - a wand of digging (6)
 w - a wand of flame (44)
 x - a wand of iceblast (13)
 y - a wand of paralysis (20)
 D - a wand of charming (3)
 G - a wand of polymorph (5)
Scrolls
 d - 13 scrolls of identify
 e - a scroll of silence
 m - 2 scrolls of blinking
 q - 2 scrolls of brand weapon
 s - 2 scrolls of enchant weapon
 t - a scroll of teleportation
 C - a scroll of magic mapping
 E - a scroll of fog
 H - a scroll of fear
Potions
 b - 4 potions of resistance
 f - 4 potions of might
 g - 10 potions of curing
 h - 4 potions of heal wounds
 i - 4 potions of brilliance
 n - a potion of invisibility
 o - 3 potions of attraction
 r - a potion of cancellation
Miscellaneous
 F - a phial of floods


   Skills:
 * Level 12.0(15.8) Dodging
 + Level 4.0(7.5) Stealth
 + Level 13.1(16.9) Spellcasting
 + Level 5.0(7.9) Evocations


You had 13 spell levels left.
You knew the following spells:

 Your Spells              Type           Power      Damage    Failure   Level
a - Foxfire               Conj/Fire      100%       2x1d9     0%          1
b - Scorch                Fire           100%       2d10      0%          2
c - Conjure Flame         Conj/Fire      89%        6-21      0%          3
d - Inner Flame           Hex/Fire       89%        N/A       0%          3
e - Flame Wave            Conj/Fire      89%        2d15      1%          4
f - Freeze                Ice            100%       1d11      0%          1
g - Blink                 Tloc           100%       N/A       0%          2
h - Vampiric Draining     Necr           89%        2d12      0%          3
i - Ozocubu's Armour      Ice            89%        N/A       0%          3
j - Manifold Assault      Tloc           89%        N/A       1%          5
k - Yara's Violent Unrav  Hex/Tmut       44%        3d17      1%          5
Your spell library was empty.

Dungeon Overview and Level Annotations

Branches:
Dungeon (13/15)            Temple (1/1) D:5            Lair (1/6) D:10
    Orc (1/2) D:12        Ossuary (visited)           IceCv (visited)
 Vaults: D:13-14

Altars:
Ashenzari
Cheibriados
Dithmenos
Elyvilon
Fedhas
Gozag
Hepliaklqana
Kikubaaqudgha
Makhleb
Nemelex Xobeh
Okawaru
Qazlal
Ru
Sif Muna
Trog
Uskayaw
Vehumet
Wu Jian
Xom
Yredelemnul
Zin
The Shining One

Shops:
D:7 *[:(   Orc:1 *

Portals:
Trove: D:10 (give +6 demon whip)

Annotations:
Lair:1 exclusion: 2 oklob plants


Innate Abilities, Weirdness & Mutations

You are immune to sickness and miasma.
You are immune to poison.
Your flesh is very heat resistant. (rF++)
You are vulnerable to cold. (rC-)
You float through the air rather than walking.
You learn spells naturally, not from books.
Your magical power is your life essence.
You have superior vitality. (+4 MHP)


Message History

Aiming: Vampiric Draining (safe; 0% risk of failure)
Press: ? - help, Shift-Dir - straight line, f - white ugly thing
Aim: a white ugly thing (lightly wounded, more vulnerable to fire)
You draw life force from the white ugly thing!
You feel life coursing into your body! The white ugly thing misses you.
Casting: Vampiric Draining (safe; 0% risk of failure)
Confirm with . or Enter, or press ? or * to list all spells.
Aiming: Vampiric Draining (safe; 0% risk of failure)
Press: ? - help, Shift-Dir - straight line, f/p - white ugly thing
Aim: a white ugly thing (moderately wounded, more vulnerable to fire)
You draw life force from the white ugly thing.
You feel life coursing into your body.
The white ugly thing completely misses you.
Casting: Vampiric Draining (safe; 0% risk of failure)
Confirm with . or Enter, or press ? or * to list all spells.
Aiming: Vampiric Draining (safe; 0% risk of failure)
Press: ? - help, Shift-Dir - straight line, f/p - white ugly thing
Aim: a white ugly thing (heavily wounded, more vulnerable to fire)
You draw life force from the white ugly thing.
You feel life coursing into your body.
The white ugly thing closely misses you.
Casting: Vampiric Draining (safe; 0% risk of failure)
Confirm with . or Enter, or press ? or * to list all spells.
Aiming: Vampiric Draining (safe; 0% risk of failure)
Press: ? - help, Shift-Dir - straight line, f/p - white ugly thing
Aim: a white ugly thing (heavily wounded, more vulnerable to fire)
You draw life force from the white ugly thing!
You feel life coursing into your body!
The white ugly thing is no longer more vulnerable to fire.
The white ugly thing barely misses you.
Casting: Vampiric Draining (safe; 0% risk of failure)
Confirm with . or Enter, or press ? or * to list all spells.
Aiming: Vampiric Draining (safe; 0% risk of failure)
Press: ? - help, Shift-Dir - straight line, f/p - white ugly thing
Aim: a white ugly thing (severely wounded)
You draw life force from the white ugly thing.
You feel life coursing into your body. The white ugly thing stings you.
The white ugly thing freezes you!!!
You feel a terrible chill!
Ouch! That really hurt!
You die...

#..........###.......######..###
#..........#.'......)'..###'####
##..........#.#.......##.##......
##..........#.#.......##.##......
.#..........'.#.......##..#......
.'.[........###.......###.'......
##..........###......?#####......
##.....†....###.......# ###......
#..........###.@.....# ##.(....
############ #u......# #<.....
#.......# ####### #########


You could see a white ugly thing.

Vanquished Creatures
  2 hydras
  Erica (D:9)
  A boulder beetle (D:11)
  A two-headed ogre (D:8)
  A centaur warrior (D:9)
  The ghost of buddhastalin the Slicer, a novice KoBe of Trog (D:8)
  4 cyclopes
  2 oklob plants (Lair:1)
  A manticore (D:11)
  2 ugly things
  A gargoyle (D:11)
  An efreet (D:13)
  A kobold demonologist (D:11)
  A rime drake (Lair:1)
  2 komodo dragons
  6 trolls
  3 polar bears
  3 blink frogs
  6 dream sheep (D:7)
  A culicivora (shapeshifter) (D:13)
  11 yaks
  Sigmund (D:6)
  3 shadows
  A ynoxinul (D:12)
  A vampire (D:6)
  2 wyverns
  2 steam dragons (D:6)
  3 vampire mosquitoes (D:12)
  2 water moccasins
  2 acid dragons
  3 orc warriors
  3 ice beasts
  2 sky beasts (D:5)
  A black bear (Lair:1)
  2 ogres
  2 wolves (IceCv)
  2 phantoms
  3 kobold brigands
  7 bullfrogs
  A gnoll sergeant (D:7)
  A scorpion (D:7)
  A water moccasin zombie (D:6)
  A wyvern skeleton (D:6)
  4 wights (D:10)
  5 howler monkeys
  A centaur zombie (D:7)
  A quasit (D:12)
  2 hounds
  2 jellies
  A bullfrog skeleton (D:6)
  5 orc priests
  A centaur skeleton (D:7)
  3 iguanas
  6 orc wizards
  Ijyb (D:5)
  3 mummies (Ossuary)
  3 howler monkey zombies
  11 gnolls
  7 adders
  A howler monkey skeleton (D:7)
  A shadow imp (D:7)
  A white imp (D:5)
  An ufetubus (D:12)
  An adder zombie (Ossuary)
  A worm (D:2)
  2 dart slugs
  31 orcs
  7 bats
  7 endoplasms
  2 giant cockroaches (D:3)
  6 goblins
  8 hobgoblins
  8 jackals (D:2)
  17 kobolds
  6 quokkas
  8 ball pythons
  2 frilled lizards
  5 goblin zombies (Ossuary)
  5 hobgoblin zombies (Ossuary)
  3 kobold zombies (Ossuary)
  An orc zombie (Ossuary)
  2 quokka zombies (Ossuary)
  8 rats
  A rat zombie (Ossuary)
  A bush (Lair:1)
290 creatures vanquished.

Vanquished Creatures (collateral kills)
  13 foxfires
13 creatures vanquished.

Vanquished Creatures (others)
  An orc wizard (D:5)
  1446 foxfires
  A fungus (Lair:1)
  6 plants
1454 creatures vanquished.

Grand Total: 1757 creatures vanquished

Notes
Turn   | Place    | Note
-------+----------+-------------------------------------------
     0 | D:1      | soggyman666 the Djinni Fire Elementalist began the quest
                  | for the Orb.
     0 | D:1      | Reached XP level 1. HP: 15/15 MP: 0/0
   436 | D:1      | Reached XP level 2. HP: 19/21 MP: 0/0
   832 | D:1      | Found a faded altar of an unknown god.
   993 | D:1      | Reached skill level 3 in Spellcasting
  1055 | D:1      | Reached XP level 3. HP: 22/25 MP: 0/0
  1055 | D:1      | Learned a level 1 spell: Freeze
  2490 | D:2      | Reached XP level 4. HP: 28/31 MP: 0/0
  3459 | D:2      | Reached skill level 4 in Spellcasting
  3605 | D:3      | Reached XP level 5. HP: 32/35 MP: 0/0
  3605 | D:3      | Learned a level 2 spell: Blink
  4832 | D:3      | Noticed a kobold brigand
  4838 | D:3      | Killed a kobold brigand
  4839 | D:3      | Reached skill level 5 in Spellcasting
  4839 | D:3      | Reached XP level 6. HP: 29/40 MP: 0/0
  4993 | D:4      | Noticed an ogre
  5001 | D:4      | Killed an ogre
  5246 | D:4      | Found a sand-covered staircase.
  5257 | Ossuary  | Entered an ossuary
  5376 | Ossuary  | Reached XP level 7. HP: 30/45 MP: 0/0
  5376 | Ossuary  | Learned a level 3 spell: Vampiric Draining
  6697 | D:4      | Reached skill level 6 in Spellcasting
  6906 | D:5      | Entered Level 5 of the Dungeon
  7254 | D:5      | Reached XP level 8. HP: 43/50 MP: 0/0
  7537 | D:5      | Noticed Ijyb
  7542 | D:5      | Killed Ijyb
  7617 | D:5      | Found a staircase to the Ecumenical Temple.
  7630 | Temple   | Entered the Ecumenical Temple
  7682 | Temple   | Became a worshipper of Ashenzari the Shackled
  7991 | D:5      | Reached skill level 7 in Spellcasting
  8626 | D:6      | Reached XP level 9. HP: 45/55 MP: 0/0
  8626 | D:6      | Learned a level 3 spell: Ozocubu's Armour
  8728 | D:6      | Reached skill level 8 in Spellcasting
  8833 | D:6      | Reached skill level 5 in Dodging
  9106 | D:6      | Noticed Sigmund
  9111 | D:6      | Killed Sigmund
  9582 | D:7      | Found Zuyng's Book Boutique.
  9583 | D:7      | Reached * piety under Ashenzari
  9713 | D:7      | Found Nikhloh's General Store.
  9777 | D:7      | Reached skill level 9 in Spellcasting
 10085 | D:7      | Reached XP level 10. HP: 51/60 MP: 0/0
 10214 | D:7      | Reached skill level 10 in Spellcasting
 10327 | D:7      | Found the +5 robe of Night {Dark Will+ SInv}
 10399 | D:7      | Found Botisuce's Armour Shop.
 10432 | D:7      | Bought a +0 pair of gloves for 54 gold pieces
 10432 | D:7      | Bought a +0 helmet for 54 gold pieces
 10810 | D:7      | Found a blossoming altar of Fedhas.
 10822 | D:7      | Reached ** piety under Ashenzari
 10876 | D:7      | Found Ixaatti's Weapon Emporium.
 11282 | D:8      | Found a shadowy altar of Dithmenos.
 11302 | D:8      | Found a stormy altar of Qazlal.
 11306 | D:8      | Found a hazy altar of Hepliaklqana.
 11306 | D:8      | Found an opulent altar of Gozag.
 11502 | D:8      | Noticed a two-headed ogre
 11514 | D:8      | Killed a two-headed ogre
 11632 | D:8      | Found a basalt altar of Yredelemnul.
 11698 | D:8      | Identified the +12 whip of Havoc {freeze, MP-9 Dex+6}
 11950 | D:8      | Reached *** piety under Ashenzari
 12208 | D:8      | Reached skill level 1 in Evocations
 12286 | D:8      | Found a runed translucent door.
 12291 | D:8      | Noticed buddhastalin's ghost (novice KoBe)
 12311 | D:8      | Killed buddhastalin's ghost
 12312 | D:8      | Reached XP level 11. HP: 39/65 MP: 0/0
 12312 | D:8      | Learned a level 5 spell: Manifold Assault
 12898 | D:9      | Identified the +5 trident of the Leaping Blowfly {venom,
                  | rPois rC- Stlth+}
 13105 | D:9      | Noticed a centaur warrior
 13176 | D:9      | Noticed Erica
 13213 | D:9      | Killed Erica
 13282 | D:9      | Reached skill level 10 in Dodging
 13646 | D:9      | Killed a centaur warrior
 13647 | D:9      | Reached skill level 5 in Evocations
 14034 | D:9      | Noticed a cyan ugly thing
 14042 | D:9      | Killed a cyan ugly thing
 14243 | D:10     | Entered Level 10 of the Dungeon
 14395 | D:10     | Found a shimmering altar of Xom.
 14621 | D:10     | Found a portal to a secret trove of treasure.
 14630 | D:10     | Reached **** piety under Ashenzari
 14748 | D:10     | Found a staircase to the Lair.
 14906 | D:11     | Noticed a boulder beetle
 14921 | D:11     | Found a frozen archway.
 14929 | IceCv    | Entered an ice cave
 14957 | IceCv    | Reached skill level 11 in Spellcasting
 15143 | IceCv    | Noticed a death yak
 15144 | IceCv    | Noticed a death yak
 15149 | IceCv    | Noticed a death yak
 15164 | D:11     | Noticed a cyclops
 15169 | D:11     | Noticed a manticore
 15175 | D:11     | Killed a cyclops
 15355 | D:11     | Reached XP level 12. HP: 40/71 MP: 0/0
 16231 | D:11     | Noticed a six-headed hydra
 16702 | Lair:1   | Entered Level 1 of the Lair of Beasts
 17265 | Lair:1   | Noticed an eight-headed hydra
 17287 | Lair:1   | Killed an eight-headed hydra
 17877 | Lair:1   | Reached skill level 12 in Spellcasting
 21128 | D:11     | Killed a six-headed hydra
 21381 | D:11     | Killed a boulder beetle
 21631 | D:12     | Found a staircase to the Orcish Mines.
 21755 | Orc:1    | Entered Level 1 of the Orcish Mines
 21755 | Orc:1    | Found Sesar's Assorted Antiques.
 22195 | D:12     | Reached XP level 13. HP: 24/76 MP: 0/0
 22195 | D:12     | Learned a level 5 spell: Yara's Violent Unravelling
 22927 | D:13     | Reached skill level 13 in Spellcasting
 23253 | D:11     | Annihilated by a white ugly thing

Illustrated notes

Levels and vault maps discovered:
D:1:      erik_arrival_blinker_ship, layout_loops_corners,
          shapermc_ecumenical_altar_rom_forum
D:2:      layout_basic
D:3:      layout_basic, st_stairs_11, nicolae_figureground_sparkle
D:4:      layout_loops_cross, nicolae_ossuary_entry_ruins,
          kennysheep_cross_room, eino_small_chamber_without_monster, nrook_uturn
D:5:      layout_loops_ring, minmay_temple_entry_slanted, nrook_campfire,
          uniq_ijyb
D:6:      layout_loops_ring, nicolae_vehumet_radiance, uniq_sigmund
D:7:      layout_cave_pools, mainiacjoe_overflow_chevrons, serial_shops, shop,
          nicolae_take_the_stairs, nicolae_shop_trees, nicolae_shop_trees,
          hangedman_decor_points, hellmonk_guarded_unrand_night
D:8:      layout_basic, nicolae_overflow_hallway_of_the_gods,
          ebering_ghost_reflecting_pool
D:9:      layout_basic, uniq_erica
D:10:     layout_rooms, mainiacjoe_overflow_tiny_flanked,
          mainiacjoe_overflow_surrounded_room, david_lair_shrubbed,
          nicolae_trove_entry_isolated
D:11:     layout_roguey, portal_ice_cave_entry_pillars_1, nzn_sisyphean_effort
D:12:     kennysheep_demon_hangout, layout_grid_maze, orc_0_dummy, special_room
          [special_room_bee], gammafunk_ghost_necromancy, minmay_bent,
          uniq_kirke
D:13:     layout_cave_pools, uniq_azrael
Temple:   cyrus_circular_temple
Lair:1:   dpeg_oklob_gauntlet, layout_small_grid, minivault_19
Orc:1:    layout_caves, nicolae_volcano_entry_batcave, serial_shops, shop, shop,
          shop_fountains

Skill      XL: |  1  2  3  4  5  6  7  8  9 10 11 12 13 |
---------------+----------------------------------------+-----
Spellcasting   | 3 4 5 6 7 9 10 11 12 13 | 13.1
Dodging        | 3 4 5 9 10 11 12 | 12.0
Stealth        | 2 3 4 |  4.0
Evocations     | 2 5 |  5.0

Action                   |  1- 3 |  4- 6 |  7- 9 | 10-12 | 13-15 || total
-------------------------+-------+-------+-------+-------+-------++-------
Melee: Whip              |       |       |       |    41 |       ||    41
       Punch             |       |       |       |     1 |       ||     1
 Cast: Foxfire           |   105 |   121 |   182 |   451 |    45 ||   904
       Conjure Flame     |     1 |     4 |     9 |    30 |     1 ||    45
       Scorch            |       |    40 |    63 |   159 |     7 ||   269
       Vampiric Draining |       |       |    17 |    34 |    11 ||    62
       Ozocubu's Armour  |       |       |       |     4 |       ||     4
       Manifold Assault  |       |       |       |     1 |       ||     1
       Flame Wave        |       |       |       |    10 |       ||    10
       Blink             |       |       |       |     1 |       ||     1
       Freeze            |       |       |       |       |     5 ||     5
Invok: Curse Item        |       |       |     2 |     4 |       ||     6
Evoke: Wand              |       |       |       |     3 |     1 ||     4
  Use: Scroll            |       |     2 |     5 |     2 |       ||     9
       Potion            |       |       |       |     3 |       ||     3
Armor: Robe              |     9 |     4 |     4 |    11 |       ||    28
Dodge: Dodged            |    17 |     7 |    13 |    98 |    19 ||   154

Table legend: (Time is in decaauts)
 A = Elapsed time spent in this place.
 B = Non-inter-level travel time spent in this place.
 C = Inter-level travel time spent in this place.
 D = Time resting spent in this place.
 E = Time spent auto-exploring this place.
 F = Levels seen in this place.
 G = Mean time per level.
                   A        B        C        D        E       F      G
               +--------+--------+--------+--------+--------+-----+--------+
         Total |  23260 |  22281 |    979 |   6160 |  10755 |  18 | 1292.2 |
       Dungeon |  18848 |  17869 |    979 |   3641 |  10320 |  13 | 1449.8 |
        Temple |     63 |     63 |      0 |      0 |     35 |   1 |   63.0 |
          Lair |   3394 |   3394 |      0 |   2059 |    109 |   1 | 3394.0 |
  Orcish Mines |      1 |      1 |      0 |      0 |      0 |   1 |    1.0 |
       Ossuary |    731 |    731 |      0 |    279 |    291 |   1 |  731.0 |
      Ice Cave |    220 |    220 |      0 |    181 |      0 |   1 |  220.0 |
               +--------+--------+--------+--------+--------+-----+--------+

Top non-repeatable levels by time:
  Lair:1: 3394 daAuts
    D:11: 2442 daAuts
     D:1: 2057 daAuts
     D:8: 1792 daAuts
     D:3: 1481 daAuts
     D:7: 1472 daAuts
     D:9: 1444 daAuts
     D:2: 1442 daAuts
     D:6: 1372 daAuts
    D:10: 1302 daAuts
     D:5: 1232 daAuts
     D:4: 1191 daAuts
    D:12: 1090 daAuts
 Ossuary: 731 daAuts
    D:13: 524 daAuts
